Map: Dusk Towers

Players

IlIlllIIl (Stephano)

  • Race: Zerg Zerg
  • League: Grandmaster

MMA - Winner!

  • Race: Terran Terran

Event: Homestory Cup XII

VOD

Have the link to the VOD?

Description

Time

  • Played on: Dec. 18, 2015, 12:01 p.m.
  • Length: 11:28

All games in this series

Show
View Real Time Build Order
Export as new Build Order

IlIlllIIl Zerg 

Build Orders: Hatch First 

Get SALT Encoding   

  12  0:01  Drone  
  13  0:13  Overlord  
  13  0:18  Drone  
  14  0:31  Drone x2  
  14  0:35  Drone  
  17  0:52  Hatchery  
  17  0:54  Drone  
  17  0:58  Drone  
  18  1:08  Extractor  
  17  1:12  Spawning Pool  
  17  1:15  Drone  
  17  1:18  Drone  
  18  1:29  Drone  
  19  1:39  Drone  
  20  1:59  Zergling x2  
  22  2:01  Zergling x2  
  22  2:03  Queen x2  
  22  2:05  Overlord  
  26  2:10  Metabolic Boost  
  26  2:15  Drone  
  27  2:28  Overlord  
  27  2:30  Drone  
  27  2:37  Drone  
  29  2:39  Queen x2  
  33  2:48  Drone  
  33  2:49  Spore Crawler  
  33  2:55  Drone x2  
  33  2:57  Overlord  
  36  2:59  Drone  
  37  3:07  Drone x2  
  37  3:10  Drone x2  
  37  3:11  Drone  
  37  3:12  Drone  
  43  3:19  Drone x3, Extractor  
  45  3:22  Zergling x2  
  46  3:30  Hatchery  
  46  3:33  Drone x2  
  47  3:36  Overlord  
  47  3:42  Drone  
  47  3:47  Evolution Chamber x2  
  46  3:53  Zergling x10  
  46  3:55  Drone x2  
  53  4:01  Drone  
  54  4:05  Drone  
  54  4:07  Drone  
  56  4:10  Baneling Nest  
  56  4:14  Drone  
  56  4:17  Zerg Melee Weapons Level 1  
  56  4:19  Overlord  
  56  4:25  Overlord  
  56  4:27  Spine Crawler  
  55  4:31  Overlord  
  55  4:32  Overlord  
  55  4:36  Overlord  
  55  4:39  Zerg Ground Armor Level 1  
  55  4:41  Overlord  
  55  4:43  Zergling x6  
  55  4:44  Zergling x2  
  59  4:53  Baneling x3  
  59  4:56  Zergling x6  
  59  4:57  Zergling x2  
  62  5:02  Baneling  
  62  5:07  Zergling x2  
  55  5:10  Zergling x8  
  55  5:11  Queen  
  58  5:18  Zergling x4  
  45  5:29  Zergling x14  
  45  5:37  Zergling x10  
  48  5:43  Zergling x4  
  48  5:47  Drone  
  46  5:53  Drone  
  46  5:54  Drone  
  42  5:59  Drone x3  
  43  6:06  Drone  
  44  6:13  Drone x2  
  46  6:18  Queen  
  46  6:22  Drone  
  46  6:23  Drone  
  50  6:30  Drone x4  
  54  6:35  Extractor  
  54  6:39  Spore Crawler  
  53  6:40  Drone x2, Spore Crawler  
  53  6:43  Drone x2  
  55  6:53  Lair  
  48  7:04  Drone x8  
  55  7:09  Drone  
  55  7:10  Drone  
  57  7:17  Queen  
  57  7:18  Zergling x6  
  57  7:20  Zergling x2  
  57  7:22  Baneling x2  
  63  7:28  Zergling x6  
  59  7:37  Drone x2  
  59  7:38  Drone  
  59  7:40  Drone  
  59  7:41  Drone x3  
  59  7:42  Drone  
  59  7:43  Extractor  
  66  7:45  Extractor  
  65  7:53  Spire  
  65  7:55  Zerg Melee Weapons Level 2  
  65  7:57  Drone, Extractor  
  64  8:05  Zergling x8  
  65  8:06  Zergling x4  
  69  8:14  Zergling x4  
  64  8:29  Zergling x24  
  75  8:35  Baneling  
  75  8:36  Baneling x4  
  75  8:37  Zergling x2  
  75  8:38  Zergling x2  
Show
View Real Time Build Order
Export as new Build Order

MMA Terran - Winner!

Build Orders: Liberator Opening, Reaper Expand, MMM Bio 

Get SALT Encoding   

  12  0:00  SCV  
  13  0:13  SCV  
  14  0:17  Supply Depot  
  14  0:25  SCV  
  15  0:38  SCV  
  15  0:40  Barracks  
  16  0:43  Refinery  
  16  0:50  SCV  
  17  1:02  SCV  
  18  1:15  SCV  
  19  1:27  Reaper, Orbital Command  
  20  1:39  Command Center  
  20  1:49  Supply Depot  
  20  1:53  SCV  
  21  1:59  Marine  
  22  2:02  Factory  
  22  2:05  SCV  
  23  2:11  Refinery  
  23  2:17  SCV  
  23  2:21  Barracks Reactor  
  24  2:29  SCV  
  25  2:41  SCV  
  26  2:53  SCV, Orbital Command  
  26  2:54  Starport  
  27  3:02  Hellion  
  27  3:03  Hellion  
  27  3:04  Marine  
  32  3:06  SCV  
  32  3:12  Supply Depot  
  33  3:19  SCV  
  34  3:20  SCV  
  34  3:22  Marine  
  34  3:24  Hellion x2  
  40  3:30  Medivac  
  40  3:32  SCV x2  
  44  3:37  Armory  
  44  3:40  Marine  
  45  3:41  Supply Depot  
  45  3:45  SCV x2, Liberator  
  47  3:49  Hellion  
  47  3:54  Hellion  
  51  3:57  SCV x2  
  51  3:59  Barracks Tech Lab  
  53  4:05  Supply Depot  
  53  4:09  SCV x2  
  58  4:13  Hellion  
  58  4:16  Hellion  
  62  4:26  Stimpack  
  62  4:27  SCV x2, Marine  
  65  4:39  SCV x2  
  65  4:41  Command Center  
  67  4:51  SCV  
  70  5:05  SCV x2  
  70  5:06  Marine  
  70  5:10  Supply Depot  
  68  5:14  Hellion x2, Liberator  
  68  5:18  SCV  
  69  5:24  SCV, Refinery, Engineering Bay  
  69  5:25  Refinery, Engineering Bay  
  70  5:31  Marine  
  70  5:32  SCV  
  75  5:38  SCV  
  75  5:42  Hellion x2  
  74  5:44  SCV  
  74  5:49  Marine  
  74  5:50  SCV  
  74  5:51  Barracks  
  74  5:52  Barracks x2  
  74  5:53  Terran Infantry Weapons Level 1, Barracks  
  74  5:55  Terran Infantry Armor Level 1  
  74  5:56  SCV  
  71  6:03  Hellion  
  70  6:06  Orbital Command  
  70  6:07  Marine  
  70  6:08  SCV  
  68  6:11  SCV  
  69  6:18  Supply Depot x2  
  69  6:20  SCV, Starport Reactor  
  69  6:21  Hellion  
  69  6:24  Hellion  
  69  6:25  Marine  
  75  6:26  SCV  
  75  6:27  Orbital Command  
  75  6:32  Supply Depot x2, SCV  
  77  6:34  Combat Shields  
  77  6:38  SCV  
  78  6:40  Barracks Reactor  
  78  6:41  Barracks Reactor x3  
  78  6:43  Marine  
  78  6:44  SCV  
  80  6:48  Hellion x2  
  80  6:50  SCV  
  85  6:54  SCV  
  85  6:56  SCV  
  85  7:01  Medivac x2  
  87  7:02  SCV  
  87  7:06  SCV  
  91  7:08  SCV  
  91  7:14  SCV  
  93  7:15  Marine  
  93  7:16  Supply Depot  
  93  7:18  SCV, Marine x4  
  93  7:19  Marine x2  
  93  7:20  Marine  
  93  7:21  SCV, Marine  
  104  7:26  SCV  
  105  7:30  SCV  
  105  7:33  SCV  
  105  7:36  Medivac x2  
  105  7:37  Marauder  
  113  7:40  Supply Depot, Marine x4  
  113  7:41  Marine x4  
  123  7:49  Refinery  
  123  7:50  Terran Infantry Weapons Level 2  
  123  7:51  Supply Depot, Terran Infantry Armor Level 2  
  121  7:52  Supply Depot  
  121  7:53  Hellion x2  
  121  7:58  Marauder  
  127  8:02  Marine x8  
  135  8:12  Barracks  
  135  8:14  Barracks  
  135  8:16  Barracks  
  135  8:19  Marauder  
  137  8:21  Marine x8  
  137  8:22  Hellion  
  137  8:23  Hellion, Medivac  
  137  8:26  Supply Depot  
  151  8:27  Supply Depot  
  148  8:41  Marauder  
  147  8:44  Marine x8  
  157  8:46  Hellion  
  157  8:47  Hellion  
  157  9:02  Marauder  
Tags
 
Add a new tag
Caveats
  • Supply blocks, unpowered buildings, or Contaminate may cause inaccurate times.
  • Supply counts are checked every 10 seconds.